 Seeded DCSS version 0.30-a0-840-ga523dec638 (webtiles) character file.

Game seed: 20230221 (custom seed)

2245 bmack86 the Cleaver (level 9, -10/78 HPs)
             Began as a Minotaur Fighter on Mar 2, 2023.
             Was a Believer of Okawaru.
             Mangled by an ogre
             ... wielding a +0 glaive
              (13 damage)
             ... in a bailey.
             The game lasted 00:09:52 (3539 turns).

bmack86 the Cleaver (Minotaur Fighter)              Turns: 3539, Time: 00:09:52

Health: -10/78     AC: 13    Str: 24    XL:     9   Next: 15%
Magic:  7/10       EV: 10    Int:  5    God:    Okawaru [**....]
Gold:   214        SH:  6    Dex: 11    Spells: 8/8 levels left

rFire   . . .      SeeInvis .    j - +3 hand axe (elec)
rCold   . . .      Faith    .    c - +0 buckler
rNeg    . . .      Spirit   .    h - +0 chain mail
rPois   .          Reflect  .    (helmet restricted)
rElec   .          Harm     .    (no cloak)
rCorr   .          Rampage  .    f - +0 pair of gloves
Will    .....                    (no boots) Stlth
                                 q - amulet of regeneration
HPRegen 1.13/turn                (no ring)
MPRegen 0.12/turn                (no ring)

@: heroic, very slow
A: horns 2, retaliatory headbutt
a: Renounce Religion, Heroism


You were in a bailey.
You worshipped Okawaru.
Okawaru was pleased with you.
You visited 2 branches of the dungeon, and saw 8 of its levels.
You also visited: Bailey.

You collected 214 gold pieces.

Inventory:

Hand Weapons
 a - a +0 war axe
 j - a +3 hand axe of electrocution (weapon)
Missiles
 e - 2 throwing nets
 i - 14 poisoned darts (quivered)
 k - 4 boomerangs
Armour
 b - a +0 scale mail
 c - a +0 buckler (worn)
 f - a +0 pair of gloves (worn)
 h - a +0 chain mail (worn)
Jewellery
 q - an amulet of regeneration (around neck)
 u - an amulet of reflection
Wands
 t - a wand of iceblast (3)
Scrolls
 p - 2 scrolls of fear
Potions
 d - a potion of might
 g - a potion of curing {unknown}
 l - 4 potions of attraction
 m - 2 potions of degeneration {unknown}
 n - 3 potions of flight
 o - 2 potions of brilliance
 r - 4 potions of heal wounds {unknown}
 s - a potion of lignification {unknown}


   Skills:
 + Level 6.7(11.7) Fighting
 * Level 8.5(13.5) Axes
 + Level 4.5(9.5) Throwing
 + Level 6.8(11.8) Armour
 + Level 6.7(11.7) Shields
 + Level 2.9 Invocations


You had 8 spell levels left.
You didn't know any spells.
Your spell library contained the following spells:

 Spells                   Type           Power      Damage    Failure   Level
 Apportation              Tloc           0%         N/A       97%         1
 Necrotise                Necr           0%         1d4       97%         1
 Cause Fear               Hex            0%         N/A       100%        4
 Alistair's Intoxication  Tmut/Pois      0%         N/A       100%        5
 Dragon Form              Tmut           0%         N/A       100%        7
 Summon Small Mammal      Summ           Unusable   N/A       N/A         1
 Dragon's Call            Summ           Unusable   N/A       N/A         9

Dungeon Overview and Level Annotations

Branches:
Dungeon (8/15)             Temple (1/1) D:4          Bailey (1/1)
   Lair: D:8-11

Altars:
Cheibriados
Elyvilon
Kikubaaqudgha
Okawaru
Qazlal
Vehumet
Yredelemnul


Innate Abilities, Weirdness & Mutations

You have a pair of horns on your head.
You reflexively headbutt those who attack you in melee.


Message History

The ogre hits you from afar with a +0 halberd.
You block the ogre's attack.
Things that are here:
a +0 halberd; a +0 glaive; a two-headed ogre corpse You hit the ogre.
The ogre is lightly wounded.
You hit the ogre. Lightning courses through the ogre!
Your headbutt misses the ogre.
The ogre is almost dead.
The ogre barely misses you.
A spriggan comes into view. It is wielding a +0 spear.
The spriggan shouts!
The spriggan hits you with a +0 trident!
The ogre hits you with a +0 glaive!
The spriggan moves out of view.
You enter the shallow water.
Moving in this stuff is going to be slow.
You block the spriggan's attack. The ogre closely misses you. x2
The spriggan hits you but does no damage.
The spriggan hits you with a +0 trident!
An ogre comes into view. It is wielding a +0 halberd.
The spriggan hits you but does no damage.
The ogre closely misses you. You block the ogre's attack.
The ogre hits you from afar with a +0 glaive!
The spriggan hits you with a +0 trident.
The ogre attacks as you move away! The ogre hits you with a +0 glaive.
The ogre shouts!
You block the spriggan's attack.
The spriggan hits you with a +0 trident!
* * * LOW HITPOINT WARNING * * *
The ogre hits you with a +0 halberd!
* * * LOW HITPOINT WARNING * * *
The ogre barely misses you.
You hit the ogre. Lightning courses through the ogre!!
You kill the ogre!
Okawaru accepts your kill.
You closely miss the spriggan. You slash the ogre!
The spriggan hits you from afar with a +0 spear.
* * * LOW HITPOINT WARNING * * *
The ogre hits you from afar with a +0 glaive!
You die...

# #.. #♣# .##
##..# .. ..##
##..# .. #..##
##..♣ . ♣O..#
~~..# ♣.#...#
~~..# ♣i#O..#
~~..# ♣.~~..#
~~..# ♣.♣@i.#
~~..# ♣ #)O.#
##.)#♣ #)..#
##.)#♣ ♣#..##
##..## ♣#..##
##..#♣#♣#♣#..##
##.........##
##.......##
#########


You could see 3 ogres and 2 spriggans.

Vanquished Creatures
  A two-headed ogre (Bailey)
  Sigmund (D:2)
  A wyvern (D:8)
  Menkaure (D:7)
  5 ogres
  A kobold brigand (D:4)
  4 wights (D:7)
  2 hounds
  A jelly (D:4)
  3 orc priests
  2 iguanas (D:4)
  Jessica (D:3)
  5 orc wizards
  Natasha (thrice) (D:3)
  4 gnolls (D:7)
  2 adders
  A shadow imp (D:7)
  2 worms (D:2)
  2 dart slugs (D:1)
  21 orcs
  4 bats
  4 endoplasms
  2 giant cockroaches
  6 goblins
  8 hobgoblins
  6 jackals
  4 quokkas
  5 ball pythons
  2 frilled lizards
  9 kobolds
  4 rats
117 creatures vanquished.

Notes
Turn   | Place    | Note
-------+----------+-------------------------------------------
     0 | D:1      | bmack86 the Minotaur Fighter began the quest for the Orb.
     0 | D:1      | Reached XP level 1. HP: 19/19 MP: 0/0
   194 | D:1      | Reached XP level 2. HP: 27/27 MP: 1/1
   379 | D:1      | Reached skill level 3 in Axes
   940 | D:2      | Reached XP level 3. HP: 28/33 MP: 2/2
   941 | D:2      | Reached skill level 1 in Throwing
  1345 | D:2      | Noticed Sigmund
  1355 | D:2      | Killed Sigmund
  1356 | D:2      | Reached skill level 4 in Axes
  1356 | D:2      | Reached XP level 4. HP: 27/41 MP: 3/3
  1356 | D:2      | Reached XP level 5. HP: 31/47 MP: 4/4
  1565 | D:3      | Reached skill level 5 in Axes
  1565 | D:3      | Reached XP level 6. HP: 34/53 MP: 5/5
  1672 | D:3      | Identified the +4 mace of Veuzeef {flame, rElec rF+ Str-4
                  | Int+3}
  2011 | D:3      | Noticed Natasha
  2016 | D:3      | Killed Natasha
  2035 | D:3      | Noticed Natasha
  2038 | D:3      | Killed Natasha
  2076 | D:3      | Noticed Jessica
  2084 | D:3      | Killed Jessica
  2187 | D:3      | Noticed Natasha
  2192 | D:3      | Killed Natasha
  2236 | D:3      | Reached skill level 5 in Fighting
  2236 | D:3      | Reached skill level 5 in Armour
  2236 | D:3      | Reached skill level 5 in Shields
  2253 | D:4      | Reached XP level 7. HP: 61/61 MP: 6/6
  2445 | D:4      | Reached skill level 6 in Axes
  2739 | D:4      | Found a staircase to the Ecumenical Temple.
  2748 | Temple   | Entered the Ecumenical Temple
  2767 | Temple   | Became a worshipper of Warmaster Okawaru
  2967 | D:5      | Entered Level 5 of the Dungeon
  3024 | D:5      | You fall into a shaft and drop 3 floors!
  3025 | D:8      | Noticed a wyvern
  3036 | D:8      | Killed a wyvern
  3037 | D:8      | Reached skill level 1 in Invocations
  3037 | D:8      | Reached XP level 8. HP: 17/70 MP: 7/7
  3163 | D:7      | Reached * piety under Okawaru
  3164 | D:7      | Reached skill level 7 in Axes
  3264 | D:7      | Noticed Menkaure
  3270 | D:7      | Killed Menkaure
  3394 | D:7      | Found a flagged portal.
  3466 | Bailey   | Entered a bailey
  3522 | Bailey   | Noticed a two-headed ogre
  3531 | Bailey   | Killed a two-headed ogre
  3531 | Bailey   | Reached ** piety under Okawaru
  3532 | Bailey   | Reached skill level 8 in Axes
  3532 | Bailey   | Reached XP level 9. HP: 78/78 MP: 6/10
  3539 | Bailey   | HP: 3/78 [spriggan/+0 spear (2)]
  3539 | Bailey   | Mangled by an ogre

Illustrated notes

Levels and vault maps discovered:
D:1:      minmay_arrival_nine_rooms, layout_loops_ring, chequers_jeans,
          minmay_cupped
D:2:      layout_basic, uniq_sigmund
D:3:      layout_basic, grunt_ministairs_1, uniq_natasha, uniq_jessica
D:4:      layout_loops_ring, minmay_temple_entry_tees
D:5:      layout_basic, serial_glass, glass_columns_c, glass_columns_b,
          uniq_blork_the_orc, uniq_crazy_yiuf_cottage
D:7:      layout_loops_ring, enter_bailey_4, columned_hall_lemuel, uniq_duvessa,
          uniq_maggie, uniq_menkaure
D:8:      layout_basic, mainiacjoe_overflow_tiny_flanked, st_stairs_6, uniq_grum
Temple:   compressed_dpeg_circular_temple
Bailey:   bailey_polearm_enchanted_keep_hellmonk, bailey

Skill      XL: |  1  2  3  4  5  6  7  8 |
---------------+-------------------------+-----
Axes           | 3 4 5 6 8 |  8.5
Fighting       | 4 5 6 |  6.7
Throwing       | 1 2 3 4 |  4.5
Armour         | 4 5 6 |  6.8
Shields        | 4 5 6 |  6.7
Invocations    | 1 2 |  2.9

Action                     |  1- 3 |  4- 6 |  7- 9 || total
---------------------------+-------+-------+-------++-------
  Melee: War axe           |    35 |       |       ||    35
         Headbutt          |     8 |     5 |    15 ||    28
         Hand axe          |    57 |    49 |   108 ||   214
  Throw: Dart              |     8 |       |     1 ||     9
 Invoke: Heroism           |       |       |     2 ||     2
    Use: Scroll            |     5 |     3 |     3 ||    11
 Armour: Scale mail        |    53 |     2 |       ||    55
         Chain mail        |       |    17 |    60 ||    77
  Dodge: Dodged            |    40 |    23 |    56 ||   119
  Block: Buckler           |    23 |    12 |    35 ||    70

Table legend: (Time is in decaauts)
 A = Elapsed time spent in this place.
 B = Non-inter-level travel time spent in this place.
 C = Inter-level travel time spent in this place.
 D = Time resting spent in this place.
 E = Time spent auto-exploring this place.
 F = Levels seen in this place.
 G = Mean time per level.
                   A        B        C        D        E       F      G
               +--------+--------+--------+--------+--------+-----+--------+
         Total |   3586 |   3461 |    125 |    144 |   1990 |   9 |  398.4 |
       Dungeon |   3482 |   3368 |    114 |    131 |   1990 |   7 |  497.4 |
        Temple |     31 |     20 |     11 |      0 |      0 |   1 |   31.0 |
        Bailey |     73 |     73 |      0 |     13 |      0 |   1 |   73.0 |
               +--------+--------+--------+--------+--------+-----+--------+

Top non-repeatable levels by time:
     D:1: 944 daAuts
     D:4: 714 daAuts
     D:3: 685 daAuts
     D:2: 640 daAuts
     D:7: 337 daAuts
     D:8: 102 daAuts
  Bailey: 73 daAuts
     D:5: 56 daAuts
  Temple: 31 daAuts
